 Dungeon Crawl Stone Soup version 0.28-a0-1199-gef9e1dbd39 (webtiles) character file.

Game seed: 11724288361210327728

64 ytrimaz the Insei (level 4, -1/28 HPs)
             Began as an Octopode Transmuter on Dec 19, 2021.
             Slain by an orc (3 damage)
             ... on level 3 of the Dungeon.
             The game lasted 00:04:23 (2507 turns).

ytrimaz the Insei (Octopode Transmuter)             Turns: 2507, Time: 00:04:23

Health: -1/28      AC:  1    Str:  9    XL:     4   Next: 12%
Magic:  6/7        EV: 13    Int: 17    God:
Gold:   93         SH:  0    Dex: 12    Spells: 2/8 levels left

rFire   . . .      SeeInvis .     - Unarmed
rCold   . . .      Faith    .   (no shield)
rNeg    . . .      Spirit   .   (helmet restricted)
rPois   .          Reflect  .   (no amulet)
rElec   .          Harm     .   (no ring)
rCorr   .          Rampage  .   (no ring)
Will    .....                   (no ring)
Stlth   +.........              (no ring)
HPRegen 0.09/turn               (no ring)
MPRegen 0.10/turn               (no ring)
                                (no ring)
                                (no ring)

@: silenced
A: almost no armour, amphibious, 8 rings, camouflage 1, gelatinous body 1,
(nimble swimmer 1), tentacles
a: no special abilities


You were on level 3 of the Dungeon.
You visited 1 branch of the dungeon, and saw 3 of its levels.

You collected 93 gold pieces.

Inventory:

Potions
 b - a potion of resistance
 d - a potion of brilliance


   Skills:
 * Level 1.6 Fighting
 - Level 2.0 Dodging
 + Level 3.7 Unarmed Combat
 * Level 2.5 Spellcasting
 * Level 2.8 Transmutations


You had 2 spell levels left.
You knew the following spells:

 Your Spells              Type           Power      Damage    Failure   Level
a - Beastly Appendage     Tmut           22%        N/A       6%          1
b - Wereblood             Tmut           11%        N/A       9%          2
c - Spider Form           Tmut/Pois      6%         N/A       30%         3

Your spell library contained the following spells:

 Spells                   Type           Power      Damage    Failure   Level
 Magic Dart               Conj           8%         1d3       19%         1
 Call Imp                 Summ           2%         N/A       28%         2
 Searing Ray              Conj           4%         2d4       28%         2
 Mephitic Cloud           Conj/Pois/Air  2%         N/A       50%         3
 Ice Form                 Ice/Tmut       6%         N/A       71%         4
 Fulminant Prism          Conj/Hex       1%         3d6       88%         4


Dungeon Overview and Level Annotations

Branches:
Dungeon (3/15)

Altars:


Innate Abilities, Weirdness & Mutations

You cannot wear most types of armour.
You are amphibious.
You can wear up to eight rings at the same time.
Your skin changes colour to match your surroundings (Stealth+).
Your rubbery body absorbs attacks. (AC +1, EV +1)
((You are camouflaged near water. (Stealth+)))
You have tentacles for arms and can constrict up to eight enemies at once.


Message History

You feel sick.
Found a stone staircase leading down.
You feel sick.
You are no longer poisoned. 2 orcs and an orc priest come into view.
The orc priest is wielding a +0 hand axe of freezing.
The orc priest shouts!
You hear an angry hiss.
Your transformation has ended.
The orc priest looks satisfied for a moment.
The centaur zombie closely misses you.
The centaur zombie completely misses you.
Unknown command.
The centaur zombie hits you.
* * * LOW HITPOINT WARNING * * *
The centaur zombie kicks you but does no damage.
The centaur zombie barely misses you. The centaur zombie closely misses you.
The kobold misses you. The centaur zombie closely misses you.
The centaur zombie kicks you but does no damage.
Found a book of Changes.
Okay, then.
Okay, then.
Unknown command.
As you read the scroll of silence, it crumbles to dust.
A profound silence engulfs you. The centaur zombie barely misses you.
The centaur zombie misses you.
Unknown command.
The centaur zombie misses you. The centaur zombie barely misses you.
A frilled lizard comes into view.
Found 8 gold pieces.
The centaur zombie barely misses you. The centaur zombie closely misses you.
The kobold throws a stone.
The stone hits you.
* * * LOW HITPOINT WARNING * * *
Found 8 gold pieces.
The centaur zombie misses you. The centaur zombie closely misses you.
Found a robe.
The frilled lizard misses you. The orc closely misses you.
Unknown command.
You closely miss the orc. Your grab misses the orc.
The orc hits you with a +0 club.
* * * LOW HITPOINT WARNING * * *
The frilled lizard misses you. The orc hits you with a +0 club.
You die...

####..... ##o....###
##..##.#### ##..###.#...
###########..## #.o.#.
##...[.##.o...####.....
##......$.......#....###
#......Zlo:.......####
#......@oK.......##
#................#
#................#
#................#
#...$............#
##..............#
##.....##.....# #######
#####


You could see an orc priest, 2 orcs, a centaur zombie, a kobold and a frilled
lizard.

Vanquished Creatures
  An adder (D:3)
  A worm (D:2)
  2 ball pythons
  4 endoplasms
  A giant cockroach (D:1)
  13 goblins
  5 hobgoblins
  3 jackals (D:2)
  5 kobolds
  5 bats
  3 frilled lizards (D:1)
  2 rats
45 creatures vanquished.

Vanquished Creatures (others)
  5 fungi (D:1)
5 creatures vanquished.

Grand Total: 50 creatures vanquished

Notes
Turn   | Place    | Note
-------+----------+-------------------------------------------
     0 | D:1      | ytrimaz the Octopode Transmuter began the quest for the
                  | Orb.
     0 | D:1      | Reached XP level 1. HP: 13/13 MP: 3/3
   502 | D:1      | Reached XP level 2. HP: 15/18 MP: 3/5
   722 | D:1      | Found a faded altar of an unknown god.
  1150 | D:1      | Reached XP level 3. HP: 23/23 MP: 4/6
  1153 | D:1      | Learned a level 2 spell: Wereblood
  1412 | D:1      | Learned a level 3 spell: Spider Form
  2478 | D:3      | Reached XP level 4. HP: 12/28 MP: 3/7
  2507 | D:3      | Slain by an orc

Illustrated notes

Levels and vault maps discovered:
D:1:      ncdulo_smallfort, layout_loops_corners,
          dreamdust_ecumenical_altar_grove, hangedman_decor_slide_cut
D:2:      layout_rooms, minivault_4
D:3:      layout_rooms, minmay_stone_trees_large

Action                   |  1- 3 |  4- 6 || total
-------------------------+-------+-------++-------
Melee: Unarmed           |    95 |     1 ||    96
       Constrict         |    15 |       ||    15
       Kick              |    13 |       ||    13
       Tentacles         |     4 |       ||     4
       Punch             |     2 |       ||     2
 Cast: Beastly Appendage |    16 |       ||    16
       Spider Form       |     2 |       ||     2
  Use: Scroll            |     6 |     1 ||     7
       Potion            |     1 |       ||     1
 Stab: Sleeping          |     4 |       ||     4
Armor: Skin              |    26 |     2 ||    28
Dodge: Dodged            |    70 |    28 ||    98

Table legend: (Time is in decaauts)
 A = Elapsed time spent in this place.
 B = Non-inter-level travel time spent in this place.
 C = Inter-level travel time spent in this place.
 D = Time resting spent in this place.
 E = Time spent auto-exploring this place.
 F = Levels seen in this place.
 G = Mean time per level.
                   A        B        C        D        E       F      G
               +--------+--------+--------+--------+--------+-----+--------+
         Total |   2500 |   2435 |     65 |      0 |   2050 |   3 |  833.3 |
       Dungeon |   2500 |   2435 |     65 |      0 |   2050 |   3 |  833.3 |
               +--------+--------+--------+--------+--------+-----+--------+

Top non-repeatable levels by time:
     D:1: 1468 daAuts
     D:2: 871 daAuts
     D:3: 160 daAuts
